 Dungeon Crawl Stone Soup version 0.25.0 (webtiles) character file.

Game seed: 16209374940573000106

48 dorian the Shield-Bearer (level 3, -16/23 HPs)
             Began as a Gargoyle Fighter on June 12, 2020.
             Demolished by an ogre
             ... wielding a +0 giant club
              (20 damage)
             ... on level 2 of the Dungeon.
             The game lasted 00:01:38 (1229 turns).

dorian the Shield-Bearer (Gargoyle Fighter)         Turns: 1229, Time: 00:01:39

Health: -16/23     AC: 10    Str: 20    XL:     3   Next: 72%
Magic:  3/3        EV:  7    Int:  8    God:
Gold:   58         SH:  9    Dex:  9    Spells: 2/2 levels left

rFire    . . .     SeeInvis .   a - +0 war axe
rCold    . . .     Gourm    .   c - +0 kite shield
rNeg     + . .     Faith    .   b - +0 scale mail
rPois    ∞         Spirit   .   (no helmet)
rElec    +         Reflect  .   (no cloak)
rCorr    .         Harm     .   (no gloves)
MR       .....                  (no boots)
Stlth    ..........             (no amulet)
HPRegen  0.07/turn              (no ring)
MPRegen  0.08/turn              (no ring)

@: no status effects
A: negative energy resistance 1, electricity resistance, unbreathing,
petrification resistance, rot immunity, AC +3
a: no special abilities


You were on level 2 of the Dungeon.
You were not hungry.

You visited 1 branch of the dungeon, and saw 2 of its levels.

You collected 58 gold pieces.

Inventory:

Hand Weapons
 a - a +0 war axe (weapon)
Armour
 b - a +0 scale mail (worn)
 c - a +0 kite shield (worn)
Jewellery
 h - a cursed amulet of inaccuracy {unknown}
Scrolls
 e - 2 scrolls of identify {unknown}
 i - a scroll of remove curse {unknown}
 p - a scroll of teleportation {unknown}
Potions
 d - a potion of might
 g - 2 potions of stabbing {unknown}
 j - 2 potions of berserk rage {unknown}
 k - a potion of curing {unknown}
 l - a potion of invisibility {unknown}
 m - a potion of brilliance {unknown}
 n - a potion of resistance {unknown}
Comestibles
 f - 5 rations


   Skills:
 - Level 3.2 Fighting
 * Level 2.7 Axes
 + Level 3.5 Armour
 + Level 0.2 Dodging
 + Level 4.0 Shields


You had 2 spell levels left.
You didn't know any spells.
Your spell library was empty.

Dungeon Overview and Level Annotations

Branches:
Dungeon (2/15)

Altars:

Annotations:
D:2 Sigmund


Innate Abilities, Weirdness & Mutations

You are resistant to torment.
Your stone body is resilient. (AC +3)
You are immune to poison.
You resist negative energy. (rN+)
You are resistant to electric shocks. (rElec)
You can survive without breathing.
You are immune to petrification.
You are immune to rotting.


Message History

You hit the worm. The ogre hits you with a +0 giant club!
You block the worm's attack.
You hit the ogre.
The ogre is heavily wounded.
You barely miss the worm. The ogre hits you with a +0 giant club!
* * * LOW HITPOINT WARNING * * *
You block the worm's attack.
You completely miss the ogre.
The ogre is heavily wounded.
You hit the worm. The ogre closely misses you.
You slash the ogre!
The ogre is severely wounded.
You barely miss the worm. You block the ogre's attack.
The worm closely misses you.
You closely miss the ogre.
The ogre is severely wounded.
You completely miss the worm.
The ogre hits you with a +0 giant club!!
Ouch! That really hurt!
You die...

#########
......O@#
......w.#
........#
........#
.........
.........
$........
..........


You could see an ogre and a worm.

Vanquished Creatures
  A hound skeleton (D:2)
  An adder (D:2)
  A leopard gecko (D:1)
  2 ball pythons (D:1)
  A giant cockroach (D:1)
  5 goblins
  A hobgoblin (D:1)
  7 bats
  3 frilled lizards (D:1)
  A kobold (D:1)
  A rat (D:2)
24 creatures vanquished.

Notes
Turn   | Place    | Note
-------+----------+-------------------------------------------
     0 | D:1      | dorian the Gargoyle Fighter began the quest for the Orb.
     0 | D:1      | Reached XP level 1. HP: 14/14 MP: 1/1
   211 | D:1      | Reached XP level 2. HP: 19/19 MP: 2/2
  1137 | D:2      | Reached XP level 3. HP: 21/23 MP: 3/3
  1140 | D:2      | Reached skill level 4 in Shields
  1150 | D:2      | Noticed Sigmund
  1217 | D:2      | Noticed an ogre
  1229 | D:2      | Demolished by an ogre

Illustrated notes

Levels and vault maps discovered:
D:1:      minmay_arrival_plants_in_alcoves, layout_basic
D:2:      layout_rooms, marbit_many_paths, serial_bayou_lagoon_a, uniq_robin,
          uniq_sigmund

Skill      XL: |  1  2  3 |
---------------+----------+-----
Axes           | 2 |  2.7
Shields        | 4 |  4.0
Fighting       | |  3.2
Armour         | |  3.5
Dodging        | |  0.2

Action                   || total
-------------------------++-------
Melee: War axe           ||    92
  Eat: Chunk             ||     1
Armor: Scale mail        ||    61
Dodge: Dodged            ||    36
Block: Kite shield       ||    52
